BlackHawks vs Canucks

Created - November 7 2010 at 14:13

Goals
1 2 3 T
BlackHawks 1 0 0 1
Canucks 0 3 0 3
Shots
1 2 3 T
BlackHawks 8 6 6 20
Canucks 4 14 8 26

Period #1

1. BlackHawks , Tyler Kennedy 3 (Josh Bailey, John Erskine) at 11:34

Penalties :
Erik Karlsson (VAN) for Cross-checking (Minor) at 2:26, Bruno Gervais (VAN) for Roughing (Minor) at 4:55, Ryan Kesler (VAN) for Holding (Minor) at 6:40, Ian White (VAN) for Hooking (Minor) at 14:30

Period #2

2. Canucks , Corey Perry 8 (Duncan Keith, Joe Thornton) at 0:43 (PP)
3. Canucks , Tomas Holmstrom 4 (Martin Hanzal, Fedor Tyutin) at 2:56
4. Canucks , Ryan Kesler 5 (Joe Thornton) at 15:05

Penalties :
Patrick Kane (CHI) for Hooking (Minor) at 0:25, John Erskine (CHI) for Holding (Minor) at 0:50, Tim Gleason (CHI) for Hooking (Minor) at 16:34, Milan Lucic (VAN) for Interference (Minor) at 16:41

Period #3

No Goal

Penalties :
Tim Gleason (CHI) for Holding (Minor) at 0:44, Adam Foote (CHI) for Charging (Minor) at 1:14, Zenon Konopka (CHI) for Roughing (Minor) at 3:15, Tim Gleason (CHI) for Hooking (Minor) at 8:08, David Backes (VAN) for Holding (Minor) at 14:25

Goalie Stats

Cristobal Huet (CHI), 23 saves from 26 shots - (0.885), L, 5-7-2, 60:00 minutes
Jason LaBarbera (VAN), 19 saves from 20 shots - (0.950), W, 5-1-0, 60:00 minutes

Players Stats

BlackHawks
Player Name              G  A  P  +/- PIM S  H  SB FO    MP 
------------------------------------------------------------
Adam Foote               0  0  0  -1  2   2  1  0  0/0   19 
Artem Anisimov           0  0  0   0  0   0  1  0  9/22  15 
Chris Neil               0  0  0  -1  0   1  0  0  0/0   18 
Donald Brashear          0  0  0   0  0   0  0  0  0/0   2  
Hal Gill                 0  0  0  -1  0   1  1  3  0/0   19 
John Erskine             0  1  1   0  2   0  2  0  0/0   18 
Josh Bailey              0  1  1   0  0   4  0  0  2/5   18 
Mattias Ohlund           0  0  0   0  0   0  0  2  0/0   21 
Patrick Kane             0  0  0   0  2   1  0  0  3/3   18 
Patrick Sharp            0  0  0   0  0   1  1  0  0/0   23 
Paul Kariya              0  0  0  -1  0   1  0  0  0/0   15 
Petr Sykora              0  0  0   0  0   1  0  0  0/0   7  
Ron Hainsey              0  0  0   0  0   1  0  4  0/0   22 
Samuel Pahlsson          0  0  0   0  0   1  1  0  16/26 16 
Tim Gleason              0  0  0   0  6   1  2  1  0/0   21 
Tyler Kennedy            1  0  1   0  0   3  0  0  1/1   15 
Wayne Primeau            0  0  0  -1  0   2  0  0  11/21 16 
Zenon Konopka            0  0  0   0  2   0  2  0  5/6   6  
Canucks
Player Name              G  A  P  +/- PIM S  H  SB FO    MP 
------------------------------------------------------------
Brandon Sutter           0  0  0   0  0   2  0  0  8/18  16 
Bruno Gervais            0  0  0   0  2   0  0  0  0/0   13 
Corey Perry              1  0  1   0  0   3  1  0  0/0   19 
David Backes             0  0  0   0  2   1  2  0  0/2   16 
Duncan Keith             0  1  1   1  0   0  1  1  0/0   24 
Erik Karlsson            0  0  0   0  2   0  2  0  0/0   19 
Fedor Tyutin             0  1  1   0  0   0  1  1  0/0   18 
Fredrik Sjostrom         0  0  0   0  0   0  0  0  0/0   6  
Ian White                0  0  0   1  2   1  0  0  0/0   21 
Joe Thornton             0  2  2   1  0   1  2  0  13/29 19 
Loui Eriksson            0  0  0   1  0   8  0  0  3/4   17 
Martin Hanzal            0  1  1   0  0   1  1  0  8/20  18 
Matthew Carle            0  0  0   0  0   1  0  1  0/0   23 
Milan Lucic              0  0  0   0  2   0  2  0  0/0   7  
Ryan Kesler              1  0  1   1  2   3  1  0  0/0   16 
Ryan OReilly             0  0  0   0  0   0  0  1  4/9   12 
Tomas Holmstrom          1  0  1   0  0   3  1  0  1/1   15 
Valtteri Filppula        0  0  0   0  0   2  0  0  0/1   11 

3 Stars

1 - Joe Thornton (VAN)
2 - Jason LaBarbera (VAN)
3 - Corey Perry (VAN)

Power Play

BlackHawks - 0 on 6 Attempt(s) - 0.00%
Canucks - 1 on 7 Attempt(s) - 14.29%

Penalty Kill

BlackHawks - 6 on 7 Attempt(s) - 85.71% - Score 0 goal in Penalty Kill
Canucks - 6 on 6 Attempt(s) - 100.00% - Score 0 goal in Penalty Kill

Game Notes

No Game Note

Finance

Level 1 -- Attendance: 6500 (100.00%) -- Ticket Income $520,000.00
Level 2 -- Attendance: 3737 (74.74%) -- Ticket Income $242,905.00
Level 3 -- Attendance: 2126 (60.74%) -- Ticket Income $106,300.00
Level 4 -- Attendance: 1801 (68.48%) -- Ticket Income $45,025.00
Luxury Box -- Attendance: 614 (61.40%) -- Ticket Income $153,500.00
Game was played at the General Motors Place
Total Attendance: 14778 (79.32%)
Total Ticket Income: $1,121,800.00
Other Income: $204,896.40
Total Income: $1,326,696.00


Play by Play

Period #1

0:01 of 1st period - Joe Thornton wins face-off versus Artem Anisimov in neutral zone.
0:08 of 1st period - Shot by Ryan Kesler.
0:08 of 1st period - Stopped by Cristobal Huet with a rebound.
1:12 of 1st period - Valtteri Filppula is hit by John Erskine.
1:18 of 1st period - Shot by Corey Perry.
1:18 of 1st period - Stopped by Cristobal Huet without a rebound.
1:19 of 1st period - Martin Hanzal wins face-off versus Wayne Primeau in BlackHawks zone.
1:57 of 1st period - Off-side.
1:58 of 1st period - Zenon Konopka wins face-off versus Valtteri Filppula in neutral zone.
1:58 of 1st period - Patrick Sharp is hit by Corey Perry and loses puck.
2:13 of 1st period - Valtteri Filppula is hit by Zenon Konopka and loses puck.
2:24 of 1st period - Shot by Patrick Sharp.
2:24 of 1st period - Shot Misses the Net.
2:26 of 1st period - Shot by Petr Sykora.
2:26 of 1st period - Stopped by Jason LaBarbera without a rebound.
2:26 of 1st period - Minor Penalty to Erik Karlsson for Cross-checking.
2:27 of 1st period - Josh Bailey wins face-off versus Martin Hanzal in Canucks zone.
2:44 of 1st period - Shot by Adam Foote.
2:44 of 1st period - Stopped by Jason LaBarbera without a rebound.
2:45 of 1st period - Martin Hanzal wins face-off versus Artem Anisimov in Canucks zone.
4:09 of 1st period - Tyler Kennedy is hit by Duncan Keith and loses puck.
4:42 of 1st period - Shot by Patrick Sharp.
4:42 of 1st period - Shot Misses the Net.
4:55 of 1st period - Minor Penalty to Bruno Gervais for Roughing.
4:56 of 1st period - Artem Anisimov wins face-off versus Martin Hanzal in Canucks zone.
5:13 of 1st period - Shot by Patrick Kane.
5:13 of 1st period - Stopped by Jason LaBarbera without a rebound.
5:14 of 1st period - Josh Bailey wins face-off versus Martin Hanzal in Canucks zone.
5:54 of 1st period - Icing by Chris Neil.
5:55 of 1st period - Ryan OReilly wins face-off versus Artem Anisimov in BlackHawks zone.
6:18 of 1st period - Patrick Sharp is hit by Fedor Tyutin and loses puck.
6:40 of 1st period - Minor Penalty to Ryan Kesler for Holding.
6:41 of 1st period - Patrick Kane wins face-off versus Brandon Sutter in Canucks zone.
7:42 of 1st period - Shot by Tim Gleason.
7:42 of 1st period - Stopped by Jason LaBarbera without a rebound.
7:43 of 1st period - Martin Hanzal wins face-off versus Josh Bailey in Canucks zone.
7:59 of 1st period - Icing by Hal Gill.
8:00 of 1st period - Martin Hanzal wins face-off versus Josh Bailey in BlackHawks zone.
8:42 of 1st period - Shot by Corey Perry.
8:42 of 1st period - Shot Misses the Net.
8:46 of 1st period - Shot by Brandon Sutter.
8:46 of 1st period - Shot Misses the Net.
8:50 of 1st period - Shot by Corey Perry.
8:50 of 1st period - Stopped by Cristobal Huet without a rebound.
8:51 of 1st period - Zenon Konopka wins face-off versus Joe Thornton in BlackHawks zone.
8:51 of 1st period - Zenon Konopka is hit by Joe Thornton.
8:56 of 1st period - Off-side.
8:57 of 1st period - Brandon Sutter wins face-off versus Artem Anisimov in neutral zone.
9:18 of 1st period - Icing by Patrick Sharp.
9:19 of 1st period - Joe Thornton wins face-off versus Artem Anisimov in BlackHawks zone.
9:38 of 1st period - Icing by Ian White.
9:39 of 1st period - Joe Thornton wins face-off versus Samuel Pahlsson in Canucks zone.
10:01 of 1st period - Off-side.
10:02 of 1st period - Tomas Holmstrom wins face-off versus Wayne Primeau in neutral zone.
10:14 of 1st period - Icing by Adam Foote.
10:15 of 1st period - Wayne Primeau wins face-off versus Brandon Sutter in BlackHawks zone.
10:29 of 1st period - Wayne Primeau is hit by Erik Karlsson and loses puck.
11:34 of 1st period - Shot by Tyler Kennedy.
11:34 of 1st period - Goal by Tyler Kennedy - BlackHawks : 1 - Canucks : 0.
11:35 of 1st period - Artem Anisimov wins face-off versus Loui Eriksson in neutral zone.
11:35 of 1st period - Patrick Sharp is hit by Ryan Kesler and loses puck.
12:13 of 1st period - Icing by Loui Eriksson.
12:14 of 1st period - Samuel Pahlsson wins face-off versus Joe Thornton in Canucks zone.
12:15 of 1st period - Shot by Josh Bailey.
12:15 of 1st period - Shot Misses the Net.
12:17 of 1st period - Shot by Ron Hainsey.
12:17 of 1st period - Shot Blocked by Duncan Keith.
12:19 of 1st period - Shot by Tyler Kennedy.
12:19 of 1st period - Deflect By Samuel Pahlsson.
12:19 of 1st period - Stopped by Jason LaBarbera with a rebound.
12:21 of 1st period - Shot by Tyler Kennedy.
12:21 of 1st period - Stopped by Jason LaBarbera without a rebound.
12:22 of 1st period - Samuel Pahlsson wins face-off versus Brandon Sutter in Canucks zone.
12:23 of 1st period - Shot by Josh Bailey.
12:23 of 1st period - Shot Misses the Net.
12:33 of 1st period - Shot by Tyler Kennedy.
12:33 of 1st period - Shot Misses the Net.
13:35 of 1st period - Icing by Matthew Carle.
13:36 of 1st period - Wayne Primeau wins face-off versus Brandon Sutter in Canucks zone.
14:11 of 1st period - Shot by Loui Eriksson.
14:11 of 1st period - Stopped by Cristobal Huet without a rebound.
14:12 of 1st period - Tyler Kennedy wins face-off versus Martin Hanzal in BlackHawks zone.
14:29 of 1st period - Shot by Josh Bailey.
14:29 of 1st period - Stopped by Jason LaBarbera without a rebound.
14:30 of 1st period - Artem Anisimov wins face-off versus Joe Thornton in Canucks zone.
14:30 of 1st period - Minor Penalty to Ian White for Hooking.
14:31 of 1st period - Martin Hanzal wins face-off versus Artem Anisimov in Canucks zone.
14:31 of 1st period - Duncan Keith is hit by Artem Anisimov.
14:40 of 1st period - Off-side.
14:41 of 1st period - Artem Anisimov wins face-off versus Martin Hanzal in neutral zone.
16:18 of 1st period - Off-side.
16:19 of 1st period - Artem Anisimov wins face-off versus Ryan OReilly in neutral zone.
16:38 of 1st period - Shot by Patrick Sharp.
16:38 of 1st period - Deflect By Zenon Konopka.
16:38 of 1st period - Shot Blocked by Ryan OReilly.
18:10 of 1st period - Shot by Tim Gleason.
18:10 of 1st period - Shot Misses the Net.
18:59 of 1st period - Shot by Valtteri Filppula.
18:59 of 1st period - Shot Misses the Net.
0:00 of 2nd period - Icing by Fedor Tyutin.

Period #2

0:01 of 2nd period - Artem Anisimov wins face-off versus Joe Thornton in neutral zone.
0:25 of 2nd period - Minor Penalty to Patrick Kane for Hooking.
0:26 of 2nd period - Samuel Pahlsson wins face-off versus Joe Thornton in BlackHawks zone.
0:39 of 2nd period - Shot by Duncan Keith.
0:39 of 2nd period - Shot Misses the Net.
0:43 of 2nd period - Shot by Corey Perry.
0:43 of 2nd period - Goal by Corey Perry - BlackHawks : 1 - Canucks : 1.
0:44 of 2nd period - Martin Hanzal wins face-off versus Josh Bailey in neutral zone.
0:50 of 2nd period - Minor Penalty to John Erskine for Holding.
0:51 of 2nd period - Brandon Sutter wins face-off versus Samuel Pahlsson in BlackHawks zone.
0:51 of 2nd period - Matthew Carle is hit by Hal Gill and loses puck.
1:02 of 2nd period - Shot by Ian White.
1:02 of 2nd period - Shot Blocked by Hal Gill.
1:06 of 2nd period - Shot by Brandon Sutter.
1:06 of 2nd period - Deflect By Loui Eriksson.
1:06 of 2nd period - Stopped by Cristobal Huet with a rebound.
1:12 of 2nd period - Shot by Loui Eriksson.
1:12 of 2nd period - Stopped by Cristobal Huet without a rebound.
1:13 of 2nd period - Joe Thornton wins face-off versus Wayne Primeau in BlackHawks zone.
1:39 of 2nd period - Icing by Joe Thornton.
1:40 of 2nd period - Joe Thornton wins face-off versus Samuel Pahlsson in Canucks zone.
2:32 of 2nd period - Shot by Loui Eriksson.
2:32 of 2nd period - Shot Misses the Net.
2:36 of 2nd period - Shot by Loui Eriksson.
2:36 of 2nd period - Shot Misses the Net.
2:40 of 2nd period - Shot by Loui Eriksson.
2:40 of 2nd period - Shot Blocked by Ron Hainsey.
2:42 of 2nd period - Shot by Loui Eriksson.
2:42 of 2nd period - Stopped by Cristobal Huet without a rebound.
2:43 of 2nd period - Samuel Pahlsson wins face-off versus Joe Thornton in BlackHawks zone.
2:54 of 2nd period - Shot by Martin Hanzal.
2:54 of 2nd period - Shot Blocked by Ron Hainsey.
2:56 of 2nd period - Shot by Tomas Holmstrom.
2:56 of 2nd period - Goal by Tomas Holmstrom - BlackHawks : 1 - Canucks : 2.
2:57 of 2nd period - Ryan OReilly wins face-off versus Artem Anisimov in neutral zone.
3:08 of 2nd period - Shot by Corey Perry.
3:08 of 2nd period - Shot Misses the Net.
4:08 of 2nd period - Shot by Tomas Holmstrom.
4:08 of 2nd period - Stopped by Cristobal Huet without a rebound.
4:09 of 2nd period - Wayne Primeau wins face-off versus Joe Thornton in BlackHawks zone.
4:11 of 2nd period - Icing by Paul Kariya.
4:12 of 2nd period - Wayne Primeau wins face-off versus Joe Thornton in BlackHawks zone.
4:47 of 2nd period - Shot by Joe Thornton.
4:47 of 2nd period - Shot Misses the Net.
4:49 of 2nd period - Shot by Loui Eriksson.
4:49 of 2nd period - Stopped by Cristobal Huet without a rebound.
4:50 of 2nd period - Patrick Kane wins face-off versus Martin Hanzal in BlackHawks zone.
4:50 of 2nd period - Patrick Kane is hit by Martin Hanzal.
7:03 of 2nd period - Icing by John Erskine.
7:04 of 2nd period - Martin Hanzal wins face-off versus Samuel Pahlsson in BlackHawks zone.
8:45 of 2nd period - Shot by Patrick Sharp.
8:45 of 2nd period - Stopped by Jason LaBarbera with a rebound.
9:13 of 2nd period - Shot by Ryan Kesler.
9:13 of 2nd period - Stopped by Cristobal Huet without a rebound.
9:14 of 2nd period - Joe Thornton wins face-off versus Wayne Primeau in BlackHawks zone.
10:16 of 2nd period - Shot by Martin Hanzal.
10:16 of 2nd period - Stopped by Cristobal Huet without a rebound.
10:17 of 2nd period - Samuel Pahlsson wins face-off versus Brandon Sutter in BlackHawks zone.
10:34 of 2nd period - Shot by Valtteri Filppula.
10:34 of 2nd period - Stopped by Cristobal Huet without a rebound.
10:35 of 2nd period - Ryan OReilly wins face-off versus Artem Anisimov in BlackHawks zone.
10:35 of 2nd period - Ryan OReilly is hit by Tim Gleason.
11:11 of 2nd period - Patrick Kane is hit by Milan Lucic and loses puck.
11:37 of 2nd period - Icing by Matthew Carle.
11:38 of 2nd period - Samuel Pahlsson wins face-off versus Ryan OReilly in Canucks zone.
11:43 of 2nd period - Shot by Tyler Kennedy.
11:43 of 2nd period - Stopped by Jason LaBarbera without a rebound.
11:44 of 2nd period - Zenon Konopka wins face-off versus David Backes in Canucks zone.
11:57 of 2nd period - Shot by David Backes.
11:57 of 2nd period - Deflect By Tomas Holmstrom.
11:57 of 2nd period - Shot Blocked by Mattias Ohlund.
11:59 of 2nd period - Shot by Bruno Gervais.
11:59 of 2nd period - Shot Blocked by Mattias Ohlund.
12:01 of 2nd period - Shot by Tomas Holmstrom.
12:01 of 2nd period - Shot Misses the Net.
12:42 of 2nd period - Shot by Loui Eriksson.
12:42 of 2nd period - Shot Misses the Net.
12:52 of 2nd period - Shot by Josh Bailey.
12:52 of 2nd period - Stopped by Jason LaBarbera with a rebound.
13:01 of 2nd period - Icing by Hal Gill.
13:02 of 2nd period - Brandon Sutter wins face-off versus Samuel Pahlsson in BlackHawks zone.
13:19 of 2nd period - Shot by Brandon Sutter.
13:19 of 2nd period - Stopped by Cristobal Huet without a rebound.
13:20 of 2nd period - Wayne Primeau wins face-off versus Martin Hanzal in BlackHawks zone.
13:43 of 2nd period - Shot by Chris Neil.
13:43 of 2nd period - Shot Misses the Net.
13:45 of 2nd period - Shot by Adam Foote.
13:45 of 2nd period - Stopped by Jason LaBarbera without a rebound.
13:46 of 2nd period - Artem Anisimov wins face-off versus Joe Thornton in Canucks zone.
14:03 of 2nd period - Icing by Patrick Kane.
14:04 of 2nd period - Brandon Sutter wins face-off versus Artem Anisimov in BlackHawks zone.
14:05 of 2nd period - Shot by Corey Perry.
14:05 of 2nd period - Shot Misses the Net.
15:05 of 2nd period - Shot by Ryan Kesler.
15:05 of 2nd period - Goal by Ryan Kesler - BlackHawks : 1 - Canucks : 3.
15:06 of 2nd period - Samuel Pahlsson wins face-off versus David Backes in neutral zone.
15:45 of 2nd period - Shot by Josh Bailey.
15:45 of 2nd period - Stopped by Jason LaBarbera with a rebound.
15:48 of 2nd period - Icing by Bruno Gervais.
15:49 of 2nd period - Artem Anisimov wins face-off versus Martin Hanzal in Canucks zone.
16:14 of 2nd period - Shot by Artem Anisimov.
16:14 of 2nd period - Shot Blocked by Fedor Tyutin.
16:34 of 2nd period - Minor Penalty to Tim Gleason for Hooking.
16:35 of 2nd period - Brandon Sutter wins face-off versus Wayne Primeau in BlackHawks zone.
16:41 of 2nd period - Minor Penalty to Milan Lucic for Interference.
16:42 of 2nd period - Samuel Pahlsson wins face-off versus Joe Thornton in Canucks zone.
16:55 of 2nd period - Shot by Samuel Pahlsson.
16:55 of 2nd period - Shot Misses the Net.
18:08 of 2nd period - Icing by John Erskine.
18:09 of 2nd period - Joe Thornton wins face-off versus Artem Anisimov in BlackHawks zone.
18:46 of 2nd period - Shot by Valtteri Filppula.
18:46 of 2nd period - Stopped by Cristobal Huet with a rebound.
18:52 of 2nd period - Shot by Corey Perry.
18:52 of 2nd period - Shot Misses the Net.
18:54 of 2nd period - Shot by Corey Perry.
18:54 of 2nd period - Deflect By Valtteri Filppula.
18:54 of 2nd period - Shot Misses the Net.
18:58 of 2nd period - Shot by Corey Perry.
18:58 of 2nd period - Shot Blocked by Hal Gill.
19:00 of 2nd period - Shot by Brandon Sutter.
19:00 of 2nd period - Shot Blocked by Hal Gill.
19:02 of 2nd period - Shot by Brandon Sutter.
19:02 of 2nd period - Stopped by Cristobal Huet without a rebound.
19:03 of 2nd period - Zenon Konopka wins face-off versus Ryan OReilly in BlackHawks zone.
19:11 of 2nd period - Icing by Duncan Keith.
19:12 of 2nd period - Wayne Primeau wins face-off versus Ryan OReilly in Canucks zone.
19:21 of 2nd period - Shot by Paul Kariya.
19:21 of 2nd period - Stopped by Jason LaBarbera without a rebound.
19:22 of 2nd period - Joe Thornton wins face-off versus Zenon Konopka in Canucks zone.
19:34 of 2nd period - Icing by Mattias Ohlund.
19:35 of 2nd period - Zenon Konopka wins face-off versus Martin Hanzal in BlackHawks zone.
19:42 of 2nd period - Bruno Gervais is hit by Zenon Konopka and loses puck.
19:53 of 2nd period - Shot by Petr Sykora.
19:53 of 2nd period - Shot Misses the Net.

Period #3

0:01 of 3rd period - Loui Eriksson wins face-off versus Artem Anisimov in neutral zone.
0:04 of 3rd period - Shot by Ian White.
0:04 of 3rd period - Shot Blocked by Tim Gleason.
0:16 of 3rd period - Icing by Mattias Ohlund.
0:17 of 3rd period - Brandon Sutter wins face-off versus Artem Anisimov in BlackHawks zone.
0:31 of 3rd period - Patrick Kane is hit by Erik Karlsson and loses puck.
0:44 of 3rd period - Minor Penalty to Tim Gleason for Holding.
0:45 of 3rd period - Samuel Pahlsson wins face-off versus Joe Thornton in BlackHawks zone.
1:14 of 3rd period - Minor Penalty to Adam Foote for Charging.
1:15 of 3rd period - Samuel Pahlsson wins face-off versus Brandon Sutter in BlackHawks zone.
1:37 of 3rd period - Shot by Loui Eriksson.
1:37 of 3rd period - Stopped by Cristobal Huet without a rebound.
1:38 of 3rd period - Samuel Pahlsson wins face-off versus Joe Thornton in BlackHawks zone.
2:34 of 3rd period - Hal Gill is hit by David Backes and loses puck.
3:05 of 3rd period - Shot by Joe Thornton.
3:05 of 3rd period - Shot Misses the Net.
3:09 of 3rd period - Shot by Joe Thornton.
3:09 of 3rd period - Stopped by Cristobal Huet without a rebound.
3:10 of 3rd period - Wayne Primeau wins face-off versus Brandon Sutter in BlackHawks zone.
3:10 of 3rd period - Wayne Primeau is hit by David Backes.
3:15 of 3rd period - Minor Penalty to Zenon Konopka for Roughing.
3:16 of 3rd period - Wayne Primeau wins face-off versus Brandon Sutter in BlackHawks zone.
3:34 of 3rd period - Shot by Matthew Carle.
3:34 of 3rd period - Shot Misses the Net.
3:36 of 3rd period - Shot by Matthew Carle.
3:36 of 3rd period - Stopped by Cristobal Huet without a rebound.
3:37 of 3rd period - Samuel Pahlsson wins face-off versus Joe Thornton in BlackHawks zone.
3:37 of 3rd period - Adam Foote is hit by Tomas Holmstrom and loses puck.
3:54 of 3rd period - Shot by Tomas Holmstrom.
3:54 of 3rd period - Stopped by Cristobal Huet without a rebound.
3:55 of 3rd period - Wayne Primeau wins face-off versus Martin Hanzal in BlackHawks zone.
4:16 of 3rd period - Shot by Duncan Keith.
4:16 of 3rd period - Shot Blocked by Ron Hainsey.
4:18 of 3rd period - Shot by Martin Hanzal.
4:18 of 3rd period - Shot Blocked by Ron Hainsey.
4:20 of 3rd period - Shot by Joe Thornton.
4:20 of 3rd period - Shot Misses the Net.
4:22 of 3rd period - Shot by Joe Thornton.
4:22 of 3rd period - Shot Misses the Net.
4:24 of 3rd period - Shot by Martin Hanzal.
4:24 of 3rd period - Shot Misses the Net.
4:35 of 3rd period - Icing by David Backes.
4:36 of 3rd period - Brandon Sutter wins face-off versus Wayne Primeau in Canucks zone.
4:52 of 3rd period - David Backes is hit by Samuel Pahlsson and loses puck.
5:22 of 3rd period - Icing by Patrick Kane.
5:23 of 3rd period - Patrick Kane wins face-off versus Ryan OReilly in BlackHawks zone.
5:47 of 3rd period - Ron Hainsey is hit by Milan Lucic and loses puck.
7:06 of 3rd period - Shot by Wayne Primeau.
7:06 of 3rd period - Stopped by Jason LaBarbera without a rebound.
7:07 of 3rd period - Joe Thornton wins face-off versus Wayne Primeau in Canucks zone.
7:16 of 3rd period - Shot by Loui Eriksson.
7:16 of 3rd period - Stopped by Cristobal Huet without a rebound.
7:17 of 3rd period - Samuel Pahlsson wins face-off versus Brandon Sutter in BlackHawks zone.
7:32 of 3rd period - Shot by Josh Bailey.
7:32 of 3rd period - Shot Misses the Net.
7:34 of 3rd period - Shot by Ron Hainsey.
7:34 of 3rd period - Shot Blocked by Matthew Carle.
7:44 of 3rd period - Shot by Ron Hainsey.
7:44 of 3rd period - Stopped by Jason LaBarbera without a rebound.
7:45 of 3rd period - Wayne Primeau wins face-off versus Joe Thornton in Canucks zone.
7:52 of 3rd period - Shot by Chris Neil.
7:52 of 3rd period - Stopped by Jason LaBarbera without a rebound.
7:53 of 3rd period - Joe Thornton wins face-off versus Artem Anisimov in Canucks zone.
7:53 of 3rd period - Joe Thornton is hit by Patrick Sharp.
8:05 of 3rd period - Shot by Loui Eriksson.
8:05 of 3rd period - Stopped by Cristobal Huet with a rebound.
8:08 of 3rd period - Minor Penalty to Tim Gleason for Hooking.
8:09 of 3rd period - Loui Eriksson wins face-off versus Samuel Pahlsson in BlackHawks zone.
8:09 of 3rd period - Matthew Carle is hit by Adam Foote and loses puck.
8:22 of 3rd period - Shot by David Backes.
8:22 of 3rd period - Shot Misses the Net.
8:26 of 3rd period - Shot by Matthew Carle.
8:26 of 3rd period - Shot Misses the Net.
8:28 of 3rd period - Shot by Ian White.
8:28 of 3rd period - Shot Misses the Net.
8:30 of 3rd period - Shot by David Backes.
8:30 of 3rd period - Stopped by Cristobal Huet without a rebound.
8:31 of 3rd period - Joe Thornton wins face-off versus Samuel Pahlsson in BlackHawks zone.
8:51 of 3rd period - Icing by Corey Perry.
8:52 of 3rd period - Joe Thornton wins face-off versus Wayne Primeau in Canucks zone.
9:53 of 3rd period - Icing by David Backes.
9:54 of 3rd period - Samuel Pahlsson wins face-off versus Brandon Sutter in Canucks zone.
10:00 of 3rd period - Icing by Loui Eriksson.
10:01 of 3rd period - Brandon Sutter wins face-off versus Samuel Pahlsson in Canucks zone.
11:24 of 3rd period - Shot by Paul Kariya.
11:24 of 3rd period - Shot Misses the Net.
11:26 of 3rd period - Shot by Wayne Primeau.
11:26 of 3rd period - Stopped by Jason LaBarbera without a rebound.
11:27 of 3rd period - Samuel Pahlsson wins face-off versus Joe Thornton in Canucks zone.
11:33 of 3rd period - Icing by Ryan Kesler.
11:34 of 3rd period - Joe Thornton wins face-off versus Samuel Pahlsson in Canucks zone.
12:58 of 3rd period - Icing by Adam Foote.
12:59 of 3rd period - Ryan OReilly wins face-off versus Wayne Primeau in BlackHawks zone.
13:06 of 3rd period - Shot by Paul Kariya.
13:06 of 3rd period - Shot Misses the Net.
13:08 of 3rd period - Shot by Hal Gill.
13:08 of 3rd period - Stopped by Jason LaBarbera with a rebound.
14:02 of 3rd period - Icing by Mattias Ohlund.
14:03 of 3rd period - Artem Anisimov wins face-off versus Martin Hanzal in BlackHawks zone.
14:25 of 3rd period - Minor Penalty to David Backes for Holding.
14:26 of 3rd period - Martin Hanzal wins face-off versus Samuel Pahlsson in Canucks zone.
15:49 of 3rd period - Shot by Josh Bailey.
15:49 of 3rd period - Stopped by Jason LaBarbera with a rebound.
16:41 of 3rd period - Shot by Brandon Sutter.
16:41 of 3rd period - Shot Misses the Net.
16:58 of 3rd period - Erik Karlsson is hit by John Erskine and loses puck.
17:44 of 3rd period - Duncan Keith is hit by Tim Gleason and loses puck.
18:13 of 3rd period - Shot by Chris Neil.
18:13 of 3rd period - Shot Misses the Net.
18:50 of 3rd period - Icing by Matthew Carle.
18:51 of 3rd period - Wayne Primeau wins face-off versus Martin Hanzal in Canucks zone.
19:37 of 3rd period - Icing by Ron Hainsey.
19:38 of 3rd period - Loui Eriksson wins face-off versus Wayne Primeau in BlackHawks zone.
19:47 of 3rd period - Shot by Ryan Kesler.
19:47 of 3rd period - Shot Misses the Net.
19:49 of 3rd period - Shot by Ian White.
19:49 of 3rd period - Stopped by Cristobal Huet without a rebound.
19:50 of 3rd period - Samuel Pahlsson wins face-off versus Joe Thornton in BlackHawks zone.
19:50 of 3rd period - Samuel Pahlsson is hit by Joe Thornton.


Output by the SimonT Hockey Simulator (STHS) for Stephane Roy -- Original Page W3C XHTML 1.0 Valid